 Dungeon Sprint DCSS version 0.26-a0-649-gf8c6c3aab7 (webtiles) character file.

Game seed: 9559836646631435017

20962 sahdkjhfkaj the Ninja (level 12, -10/51 HPs)
             Began as a Spriggan Enchanter on Sept 27, 2020.
             Was the Champion of Dithmenos.
             Hit by a large rock thrown by a stone giant (40 damage)
             ... in the Dungeon (Sprint IX: "|||||||||||||||||||||||||||||").
             The game lasted 00:09:28 (4544 turns).

sahdkjhfkaj the Ninja (Spriggan Enchanter)          Turns: 4544, Time: 00:09:28

Health: -10/51     AC:  3    Str:  4    XL:     12   Next: 50%
Magic:  30/32      EV: 21    Int: 17    God:    Dithmenos [******]
Gold:   1934       SH:  0    Dex: 21    Spells: 35/41 levels left

rFire    . . .     SeeInvis +   D - +1 dagger
rCold    . . .     Faith    .   (shield restricted)
rNeg     . . .     Spirit   .   b - +0 robe
rPois    .         Reflect  .   (helmet restricted)
rElec    .         Harm     .   l - +0 cloak
rCorr    .         Rampage  .   (gloves unavailable)
MR       +++..     NoTele   +   (boots unavailable)
Stlth    ++++++++++             (no amulet)
HPRegen  0.17/turn              m - +2 ring of evasion
MPRegen  0.23/turn              y - ring of protection from magic

@: wreathed by umbra, very quick
A: very small, unfitting armour, see invisible, speed 3
a: Shadow Step, Shadow Form, Renounce Religion


You were in the Dungeon.
You worshipped Dithmenos.
Dithmenos was exalted by your worship.
You visited 1 branch You collected 1934 gold pieces.

Inventory:

Hand Weapons
 A - a +0 antimagic dagger
 D - a +1 dagger (weapon)
Armour
 b - a +0 robe (worn)
 l - a +0 cloak (worn)
Jewellery
 m - a +2 ring of evasion (left hand)
 n - a +2 ring of protection
 w - an uncursed ring of poison resistance
 x - a +4 ring of protection
 y - a ring of protection from magic (right hand)
 z - an uncursed ring of protection from fire
Wands
 k - a wand of acid (17)
Scrolls
 h - 4 scrolls of remove curse
 i - 3 scrolls of blinking
 j - 2 scrolls of amnesia
 q - 2 scrolls of enchant armour
 s - a scroll of immolation
 t - 2 scrolls of fear
 u - 2 scrolls of fog
 v - a scroll of identify
 C - 4 scrolls of enchant weapon
Potions
 a - a potion of berserk rage
 c - a potion of invisibility
 d - 7 potions of curing
 e - 7 potions of heal wounds
 f - 2 potions of haste
 g - 4 potions of magic
 o - 4 potions of brilliance
 p - a potion of resistance
 B - a potion of mutation
Miscellaneous
 r - a condenser vane (2/2)


   Skills:
 + Level 14.0 Short Blades
 - Level 3.0 Dodging
 O Level 27 Stealth
 + Level 15.2 Spellcasting
 * Level 20.4 Hexes


You had 35 spell levels left.
You knew the following spells:

 Your Spells              Type           Power        Failure   Level
a - Corona                Hex            ######.      0%          1
b - Ensorcelled Hibernat  Hex/Ice        #####.       1%          2
c - Confusing Touch       Hex            ######..     0%          3

Your spell library contained the following spells:

 Spells                   Type           Power        Failure   Level
 Tukima's Dance           Hex            ######..     0%          3
 Dazzling Flash           Conj/Hex       #####.       1%          3


Dungeon Overview and Level Annotations

Branches:
Dungeon (1/1)

Altars:
Cheibriados
Dithmenos
Elyvilon
Fedhas
Gozag
Hepliaklqana
Kikubaaqudgha
Makhleb
Nemelex Xobeh
Okawaru
Qazlal
Ru
Sif Muna
Trog
Uskayaw
Vehumet
Wu Jian
Xom
Yredelemnul
Zin
The Shining One
Beogh
Jiyva
Lugonu

Shops:
D !(==


Innate Abilities, Weirdness & Mutations

You are very small and have problems with some larger weapons.
You are too small for most types of armour.
You have supernaturally acute eyesight. (SInv)
You cover ground extremely quickly.


Message History

Things that are here:
2 arrows; a +1 helmet The helpless centaur warrior fails to defend itself.
You stick the centaur warrior like a pincushion!!!!!
You kill the centaur warrior!
Dithmenos accepts your kill.
Your Short Blades skill increases to level 14!
You start resting.
Magic restored.
You start resting.
A stone giant is nearby!
Casting: Ensorcelled Hibernation (safe; 1% risk of failure)
Confirm with . or Enter, or press ? or * to list all spells.
Aiming: Ensorcelled Hibernation (safe; 1% risk of failure)
Press: ? - help, Shift-Dir - straight line, f - stone giant
Aim: a stone giant, quivering 5 large rocks (wandering, hasn't noticed you, umbra, chance to defeat MR: 21%)
The stone giant resists with almost no effort.
The stone giant throws a large rock.
The large rock hits you!!!
Ouch! That really hurt!
You die...

▓▓▓▓▓▓▓▓▓▓▓▓▓▓▓▓▓▓▓▓▓▓▓▓▓▓▓▓▓▓▓▓▓
......[..C[[[[[)@).))).()))....)'
▓▓▓▓▓▓▓▓▓▓▓▓▓▓▓▓▓▓▓▓▓▓▓▓▓▓▓▓▓▓▓▓▓
......................)..........
▓▓▓▓▓▓▓▓▓▓▓▓▓▓▓▓▓▓▓▓▓▓▓▓▓▓▓▓▓▓▓▓▓
.'........)..)')))))))))))))'..).
▓▓▓▓▓▓▓▓▓▓▓▓▓▓▓▓▓▓▓▓▓▓▓▓▓▓▓▓▓▓▓▓▓
..............).............)....
▓▓▓▓▓▓▓▓▓▓▓▓▓▓▓▓▓▓▓▓▓▓▓▓▓▓▓▓▓▓▓▓▓
'.........'.†.†...†.'†....)....†.


You could see a stone giant.

Vanquished Creatures
  A stone giant (D)
  An ettin (D)
  A fire dragon (D)
  A hydra (D)
  An ice dragon (D)
  Harold (D)
  A centaur warrior (D)
  A two-headed ogre (D)
  A catoblepas (D)
  A death knight (D)
  A tengu warrior (D)
  6 orc high priests (D)
  2 deep troll earth magi (D)
  Sonja (D)
  2 orc knights (D)
  An orc sorcerer (D)
  Maurice (D)
  A black mamba (D)
  An elephant (D)
  2 cane toads (D)
  3 komodo dragons (D)
  2 trolls (D)
  2 hippogriffs (D)
  A yak (D)
  Eustachio (D)
  2 wargs (D)
  2 hell hounds (D)
  A water moccasin (D)
  14 orc warriors (D)
  An ice beast (D)
  4 wolves (D)
  3 crocodiles (D)
  3 bullfrogs (D)
  A wight (D)
  12 orc priests (D)
  5 orc wizards (D)
  2 jellies (D)
  A worker ant (D)
  A gnoll (D)
  An adder skeleton (D)
  A worm (D)
  A dart slug (D)
  A leopard gecko (D)
  2 orcs (D)
  2 bats (D)
  A bat skeleton (D)
  2 bat zombies (D)
  A kobold (D)
  A leopard gecko skeleton (D)
  A quokka skeleton (D)
  A rat (D)
104 creatures vanquished.

Notes
Turn   | Place    | Note
-------+----------+-------------------------------------------
     0 | D        | sahdkjhfkaj the Spriggan Enchanter began the quest for the
                  | Orb.
     0 | D        | Reached XP level 1. HP: 9/9 MP: 5/5
     1 | D        | Banished a spatial maelstrom
     5 | D        | Reached skill level 5 in Stealth
    14 | D        | Reached skill level 6 in Stealth
    26 | D        | Reached skill level 7 in Stealth
   241 | D        | Reached XP level 2. HP: 13/13 MP: 6/6
   477 | D        | Learned a level 2 spell: Ensorcelled Hibernation
   485 | D        | Reached skill level 8 in Stealth
   536 | D        | Reached skill level 10 in Stealth
   791 | D        | Found a roughly hewn altar of Beogh.
   791 | D        | Found a snail-covered altar of Cheibriados.
   791 | D        | Found a shadowy altar of Dithmenos.
   791 | D        | Found a white marble altar of Elyvilon.
   791 | D        | Found a blossoming altar of Fedhas.
   791 | D        | Found an opulent altar of Gozag.
   792 | D        | Found a hazy altar of Hepliaklqana.
   793 | D        | Found a viscous altar of Jiyva.
   794 | D        | Found an ancient bone altar of Kikubaaqudgha.
   795 | D        | Found a corrupted altar of Lugonu.
   796 | D        | Found a burning altar of Makhleb.
   797 | D        | Found a sparkling altar of Nemelex Xobeh.
   800 | D        | Became a worshipper of Dithmenos the Shadowed
   803 | D        | Found an iron altar of Okawaru.
   804 | D        | Found a stormy altar of Qazlal.
   805 | D        | Found a sacrificial altar of Ru.
   806 | D        | Found a shimmering blue altar of Sif Muna.
   807 | D        | Found a bloodstained altar of Trog.
   808 | D        | Found a hide-covered altar of Uskayaw.
   809 | D        | Found a radiant altar of Vehumet.
   810 | D        | Found an ornate altar of the Wu Jian Council.
   811 | D        | Found a shimmering altar of Xom.
   812 | D        | Found a basalt altar of Yredelemnul.
   813 | D        | Found a glowing silver altar of Zin.
   814 | D        | Found a glowing golden altar of the Shining One.
   845 | D        | Noticed a troll
   847 | D        | Reached skill level 11 in Stealth
   847 | D        | Reached XP level 3. HP: 16/16 MP: 8/8
   862 | D        | Killed a troll
   862 | D        | Reached skill level 18 in Stealth
   862 | D        | Reached XP level 4. HP: 21/21 MP: 2/9
   862 | D        | Reached XP level 5. HP: 24/24 MP: 2/10
   862 | D        | Reached XP level 6. HP: 28/28 MP: 2/11
   867 | D        | Reached * piety under Dithmenos
   898 | D        | Reached ** piety under Dithmenos
   994 | D        | Noticed a catoblepas
   994 | D        | Noticed a troll
   994 | D        | Noticed an ice beast
   996 | D        | Killed an ice beast
   996 | D        | Reached skill level 19 in Stealth
   998 | D        | Reached skill level 20 in Stealth
  1002 | D        | Reached *** piety under Dithmenos
  1004 | D        | Killed a troll
  1004 | D        | Reached skill level 22 in Stealth
  1004 | D        | Reached XP level 7. HP: 32/32 MP: 12/12
  1006 | D        | Killed a catoblepas
  1006 | D        | Reached skill level 24 in Stealth
  1006 | D        | Reached XP level 8. HP: 36/36 MP: 13/13
  1118 | D        | Noticed a cane toad
  1118 | D        | Noticed a seven-headed hydra
  1119 | D        | Noticed a hippogriff
  1173 | D        | Reached **** piety under Dithmenos
  1173 | D        | Reached skill level 25 in Stealth
  1260 | D        | Reached skill level 5 in Hexes
  1412 | D        | Killed a cane toad
  1470 | D        | Killed a seven-headed hydra
  1470 | D        | Reached skill level 5 in Short Blades
  1470 | D        | Reached XP level 9. HP: 39/39 MP: 14/19
  1480 | D        | Reached ***** piety under Dithmenos
  1580 | D        | Noticed a black mamba
  1580 | D        | Noticed a komodo dragon
  1580 | D        | Noticed a cane toad
  1580 | D        | Noticed an elephant
  1581 | D        | Noticed a komodo dragon
  1582 | D        | Reached skill level 10 in Hexes
  1583 | D        | Noticed a komodo dragon
  1584 | D        | Killed an elephant
  1594 | D        | Killed a cane toad
  1600 | D        | Reached skill level 26 in Stealth
  1605 | D        | Killed a komodo dragon
  1605 | D        | Reached XP level 10. HP: 44/44 MP: 14/23
  1608 | D        | Killed a black mamba
  1739 | D        | Reached ****** piety under Dithmenos
  1810 | D        | Noticed Maurice
  1817 | D        | Killed Maurice
  1826 | D        | Noticed Harold
  1833 | D        | Killed Harold
  1833 | D        | Reached skill level 10 in Spellcasting
  1865 | D        | Noticed an ettin
  1869 | D        | Killed an ettin
  1873 | D        | Reached XP level 11. HP: 47/47 MP: 26/26
  1887 | D        | Reached skill level 27 in Stealth
  1961 | D        | Noticed an orc knight
  1962 | D        | Noticed an orc sorcerer
  1963 | D        | Killed an orc knight
  1963 | D        | Reached skill level 10 in Short Blades
  1963 | D        | Reached skill level 15 in Hexes
  2096 | D        | Killed an orc sorcerer
  2227 | D        | Noticed an orc knight
  2280 | D        | Killed an orc knight
  2305 | D        | Found Uxirrett's Jewellery Boutique.
  2305 | D        | Noticed an orc high priest
  2305 | D        | Noticed an orc high priest
  2653 | D        | Learned a level 3 spell: Confusing Touch
  2759 | D        | Killed an orc high priest
  3100 | D        | Noticed an orc high priest
  3190 | D        | Killed an orc high priest
  3196 | D        | Killed an orc high priest
  3247 | D        | Noticed an orc high priest
  3254 | D        | Killed an orc high priest
  3284 | D        | Noticed an orc high priest
  3293 | D        | Found Hacsega's Jewellery Shop.
  3771 | D        | Killed an orc high priest
  3799 | D        | Found Myqomp's Antique Weapon Boutique.
  3803 | D        | Found Kesh's Distillery.
  3808 | D        | Noticed an orc high priest
  3818 | D        | Killed an orc high priest
  3844 | D        | Noticed Eustachio
  3851 | D        | Killed Eustachio
  3885 | D        | Noticed Sonja
  3892 | D        | Killed Sonja
  3935 | D        | Found the +7 great mace "Undeadhunter" {disrupt, rN+}
  3973 | D        | Noticed a death knight
  3973 | D        | Noticed a tengu warrior
  3973 | D        | Noticed a two-headed ogre
  3980 | D        | Noticed a stone giant
  3981 | D        | Killed a two-headed ogre
  3981 | D        | Reached XP level 12. HP: 51/51 MP: 7/30
  4019 | D        | Killed a tengu warrior
  4078 | D        | Killed a death knight
  4172 | D        | Killed a stone giant
  4202 | D        | Noticed a fire dragon
  4211 | D        | Killed a fire dragon
  4226 | D        | Noticed a deep troll earth mage
  4232 | D        | Noticed an ice dragon
  4233 | D        | Killed a deep troll earth mage
  4250 | D        | Killed an ice dragon
  4321 | D        | Noticed a deep troll earth mage
  4322 | D        | Noticed a centaur warrior
  4323 | D        | Noticed a stone giant
  4454 | D        | Killed a deep troll earth mage
  4454 | D        | Reached skill level 15 in Spellcasting
  4469 | D        | Killed a centaur warrior
  4544 | D        | Hit by a large rock thrown by a stone giant

Illustrated notes

Levels and vault maps discovered:
D:        linesprint [early_d, line_temple, items_1, d_10, items_2, lair_1,
          lair_end, items_3, orc_1, orc_end, items_4, d_15, swamp_1, shoals_1,
          snake_1, spider_1, d_20, vaults_1, items_5, swamp_end, shoals_end,
          snake_end, spider_end, vaults_end, d_27, items_6, zot_1, zot_end,
          crypt_end, forest_end, elf_end, slime_end, tomb_end, abyss_end,
          pan_hell_end]

Skill      XL: |  1  2  3  4  5  6  7  8  9 10 11 12 |
---------------+-------------------------------------+-----
Stealth        | 7 11 18 22 24 25 26 27 | 27.0
Spellcasting   | 6 8 10 13 15 | 15.2
Hexes          | 9 11 14 18 20 | 20.4
Short Blades   | 5 7 9 12 14 | 14.0
Dodging        | |  3.0

Action                   |  1- 3 |  4- 6 |  7- 9 | 10-12 || total
-------------------------+-------+-------+-------+-------++-------
Melee: Dagger            |    42 |    23 |    17 |    94 ||   176
 Cast: Ensorcelled Hiber |     5 |     2 |    17 |    60 ||    84
       Confusing Touch   |       |       |       |     2 ||     2
  Use: Potion            |     1 |       |       |       ||     1
 Stab: Sleeping          |     6 |     6 |    14 |    66 ||    92
       Distracted        |       |       |     1 |     2 ||     3
       Confused          |       |       |       |     2 ||     2
Armor: Robe              |     4 |     4 |       |     1 ||     9
Dodge: Dodged            |    25 |    25 |     4 |    22 ||    76

Table legend: (Time is in decaauts)
 A = Elapsed time spent in this place.
 B = Non-inter-level travel time spent in this place.
 C = Inter-level travel time spent in this place.
 D = Time resting spent in this place.
 E = Time spent auto-exploring this place.
 F = Levels seen in this place.
 G = Mean time per level.
                   A        B        C        D        E       F      G
               +--------+--------+--------+--------+--------+-----+--------+
         Total |   3950 |   3950 |      0 |   1987 |   1140 |   1 | 3950.0 |
       Dungeon |   3950 |   3950 |      0 |   1987 |   1140 |   1 | 3950.0 |
               +--------+--------+--------+--------+--------+-----+--------+

Top non-repeatable levels by time:
       D: 3950 daAuts
